 Dungeon Crawl Stone Soup version 0.31.0-11-ge490571c62 (webtiles) character file.

Game seed: 8063409705963994889

15 Ijustatesigmund the Trooper (level 2, 0/19 HPs)
             Began as a Gargoyle Fighter on Feb 7, 2024.
             Slain by a gnoll
             ... wielding a +3 spear
              (2 damage)
             ... on level 1 of the Dungeon.
             The game lasted 00:00:39 (684 turns).

Ijustatesigmund the Trooper (Gargoyle Fighter)       Turns: 684, Time: 00:00:40

Health: 0/19       AC:  9    Str: 19    XL:     2   Next: 50%
Magic:  2/2        EV:  9    Int:  8    God:
Gold:   32         SH:  4    Dex:  9    Spells: 1/1 levels left

rFire   . . .        a - +0 flail
rCold   . . .        c - +0 buckler
rNeg    + . .        b - +0 scale mail
rPois   ∞            (no helmet)
rElec   +            (no cloak)
rCorr   .            (no gloves)
SInv    .            (no boots)
Will    .....        (no amulet) Stlth
                     (no ring)
HPRegen 0.23/turn    (no ring)
MPRegen 0.08/turn

%: no passive effects
@: hasted, very quick
A: sickness immunity, AC +2, negative energy resistance 1, electricity
resistance, torment resistance 1, petrification resistance
a: no special abilities


You were on level 1 of the Dungeon.
You visited 1 branch of the dungeon, and saw 1 of its levels.

You collected 32 gold pieces.

Inventory:

Hand Weapons
 a - a +0 flail (weapon)
Armour
 b - a +0 scale mail (worn)
 c - a +0 buckler (worn)
Scrolls
 e - 3 scrolls of identify {unknown}
Potions
 d - a potion of might


   Skills:
 + Level 3.6 Fighting
 * Level 2.7 Maces & Flails
 - Level 3.2 Armour
 - Level 3.2 Shields


You had one spell level left.
You didn't know any spells.
Your spell library contained the following spells:

 Spells                   Type           Power      Damage    Failure   Level
 Mercury Vapours          Alch/Air       0%         N/A       94%         2
 Mephitic Cloud           Conj/Alch/Air  0%         N/A       99%         3
 Freezing Cloud           Conj/Ice/Air   0%         6-21      100%        5


Dungeon Overview and Level Annotations

Branches:
Dungeon (1/15)

Altars:


Innate Abilities, Weirdness & Mutations

You are immune to sickness and miasma.
Your stone body is resilient. (AC +2)
You are immune to poison.
You resist negative energy. (rN+)
You are resistant to electric shocks. (rElec)
You are resistant to unholy torment.
You are immune to petrification.


Message History

A rat comes into view.
The rat bites you.
You hit the rat.
You kill the rat!
No target in view!
No target in view!
No target in view!
No target in view!
No target in view!
No target in view!
No target in view!
You see here a rat corpse.
You now have 32 gold pieces (gained 10).
Found a plate armour.
A gnoll comes into view. It is wielding a +3 spear.
The gnoll shouts!
The gnoll hits you with a +3 spear.
You closely miss the gnoll. The gnoll hits you with a +3 spear!
You are too injured to fight recklessly!
You are too injured to fight recklessly!
You are too injured to fight recklessly!
You are too injured to fight recklessly!
You are too injured to fight recklessly!
You are too injured to fight recklessly!
You are too injured to fight recklessly!
You are too injured to fight recklessly!
You are too injured to fight recklessly!
You are too injured to fight recklessly!
You are too injured to fight recklessly!
You are too injured to fight recklessly!
You are too injured to fight recklessly!
You hit the gnoll but do no damage. The gnoll hits you with a +3 spear.
You closely miss the gnoll. The gnoll hits you with a +3 spear.
* * * LOW HITPOINT WARNING * * *
It was a potion of haste.
You feel yourself speed up. The gnoll hits you but does no damage.
The gnoll closely misses you. The gnoll attacks as it pursues you!
The gnoll hits you from afar with a +3 spear.
You die...

####.##..................
##[.......................
#.........................
##.####....##.#.##.....#.#
#............#........#.#
####.#....##.#........#.#
#.#....##.#..........#
#.#...................
###.#..@.##.#.#.###.##.#
............... ...
#####.#g.##.#.#
#.#........ #..........
#.##.##.#.# #. .. ...# #
### ###


You could see a gnoll.

Vanquished Creatures
  An endoplasm (D:1)
  2 goblins (D:1)
  2 hobgoblins (D:1)
  2 kobolds (D:1)
  A quokka (D:1)
  3 bats (D:1)
  A frilled lizard (D:1)
  2 rats (D:1)
14 creatures vanquished.

Notes
Turn   | Place    | Note
-------+----------+-------------------------------------------
     0 | D:1      | Ijustatesigmund the Gargoyle Fighter began the quest for
                  | the Orb.
     0 | D:1      | Reached XP level 1. HP: 14/14 MP: 1/1
   215 | D:1      | Reached XP level 2. HP: 18/19 MP: 2/2
   312 | D:1      | Found a faded altar of an unknown god.
   684 | D:1      | Slain by a gnoll

Illustrated notes

Levels and vault maps discovered:
D:1:      psy_arrival_conway, layout_basic, ebering_ecumenical_altar_abandoned

Action                     || total
---------------------------++-------
  Melee: Flail             ||    51
    Use: Potion            ||     1
 Armour: Scale mail        ||    34
  Dodge: Dodged            ||    29
  Block: Buckler           ||    13
